 Dungeon Crawl Stone Soup version 0.30-a0-459-g9104f0fc43 (webtiles) character file.

Game seed: 639115611209573246

1487 ragingrage the Zephyrmancer (level 8, -1/46 HPs)
             Began as an Octopode Air Elementalist on Dec 15, 2022.
             Slain by a vampire
             ... wielding a +0 vampiric halberd
              (21 damage)
             ... in a bailey.
             The game lasted 00:08:59 (5418 turns).

ragingrage the Zephyrmancer (OpAE)                  Turns: 5418, Time: 00:08:59

Health: -1/46      AC:  1    Str:  7    XL:     8   Next: 80%
Magic:  7/11       EV: 13    Int: 19    God:
Gold:   101        SH:  0    Dex: 13    Spells: 1/11 levels left

rFire   . . .      SeeInvis .    v - +2 great sword (freeze)
rCold   . . .      Faith    .    (shield currently unavailable)
rNeg    . . .      Spirit   .    (helmet restricted)
rPois   .          Reflect  .    (no amulet)
rElec   .          Harm     .    o - ring of resist corrosion
rCorr   +          Rampage  .    (no ring)
Will    .....                    (no ring)
Stlth   ++++......               (no ring)
HPRegen 0.27/turn                (no ring)
MPRegen 0.12/turn                (no ring)
                                 (no ring)
                                 (no ring)

@: no status effects
A: almost no armour, amphibious, 8 rings, camouflage 1, gelatinous body 1,
nimble swimmer 1, tentacles
a: no special abilities


You were in a bailey.
You visited 1 branch of the dungeon, and saw 6 of its levels.
You also visited: Bailey.

You collected 233 gold pieces.
You spent 132 gold pieces at shops.

Inventory:

Hand Weapons
 n - a +0 short sword
 v - a +2 great sword of freezing (weapon)
Missiles
 i - 4 poisoned darts
Jewellery
 e - a ring of ice
 o - a ring of resist corrosion (left tentacle)
Wands
 p - a wand of paralysis (5)
Scrolls
 b - 4 scrolls of identify
 h - 2 scrolls of teleportation
 k - a scroll of amnesia {unknown}
 l - a scroll of noise {unknown}
 m - a scroll of enchant armour
 r - a scroll of enchant weapon {unknown}
 s - 2 scrolls of butterflies {unknown}
 t - a scroll of magic mapping {unknown}
 w - 2 scrolls of torment {unknown}
Potions
 a - a potion of magic
 c - a potion of degeneration
 d - a potion of curing
 f - a potion of ambrosia {unknown}
 g - a potion of cancellation {unknown}
 j - 2 potions of invisibility {unknown}
 q - a potion of attraction {unknown}
 u - a potion of heal wounds {unknown}
 x - a potion of resistance {unknown}


   Skills:
 - Level 2.0 Dodging
 - Level 2.6 Stealth
 - Level 2.0 Spellcasting
 - Level 5.0 Conjurations
 + Level 9.9 Air Magic


You had one spell level left.
You knew the following spells:

 Your Spells              Type           Power      Damage    Failure   Level
a - Shock                 Conj/Air       100%       1d9       1%          1
b - Static Discharge      Conj/Air       60%        2-5/arc   1%          2
c - Swiftness             Air            39%        N/A       1%          3
d - Airstrike             Air            19%        2d(3-19)  2%          4

Your spell library contained the following spells:

 Spells                   Type           Power      Damage    Failure   Level
 Summon Small Mammal      Summ           4%         N/A       17%         1
 Vhi's Electric Charge    Tloc/Air       40%        N/A       7%          3
 Dazzling Flash           Conj/Hex       22%        N/A       19%         3
 Arcjolt                  Conj/Air       15%        1d25      22%         5
 Call Canine Familiar     Summ           1%         N/A       45%         3
 Summon Guardian Golem    Hex/Summ       1%         N/A       45%         3
 Silence                  Hex/Air        10%        N/A       52%         5
 Agony                    Necr           1%         N/A       99%         5
 Maxwell's Capacitive Co  Air            19%        ∞         100%        8


Dungeon Overview and Level Annotations

Branches:
Dungeon (8/15)             Bailey (1/1)
 Temple: D:4-7         Lair: D:8-11

Altars:
Kikubaaqudgha
Uskayaw

Shops:
D:3 =   D:4 *   D:8 *


Innate Abilities, Weirdness & Mutations

You cannot wear most types of armour.
You are amphibious.
You can wear up to eight rings at the same time.
Your skin changes colour to match your surroundings (Stealth+).
Your rubbery body absorbs attacks. (AC +1, EV +1)
You are camouflaged when in or above water. (Stealth+)
You have tentacles for arms and can constrict up to eight enemies at once.


Message History

The zap hits the orc zombie!
You destroy the orc zombie!
You can't see any susceptible monsters within range! (Use Z to cast anyway.)
You start resting.
Magic restored.
You see here a +0 spear.
You open the large door.
There is a large open door here.
A vampire comes into view. It is wielding a +0 vampiric halberd.
The vampire mumbles some strange words.
The vampire flickers and vanishes!
Deactivating autopickup; reactivate with Ctrl-A.
There is a large open door here.
Something tries to affect you, but you resist.
There is a large open door here.
You are confused.
You feel better.
There is an open door here.
You are confused.
Something tries to affect you, but you resist.
You bump into a gravestone.
You feel less confused.
A vampire appears from thin air!
Reactivating autopickup.
You enter the deep water.
The vampire casts a spell.
The vampire flickers and vanishes!
Deactivating autopickup; reactivate with Ctrl-A.
The gargoyle hurls a stone arrow at you.
The stone arrow hits you!!
Ouch! That really hurt!
Casting: Shock (safe; 1% risk of failure)
Confirm with . or Enter, or press ? or * to list all spells.
Aiming: Airstrike (dangerous; 2% risk of failure)
Press: ? - help, Dir - move target, f - gargoyle
Aim: a gargoyle, wielding a +1 morningstar of protection (empty space bonus: 8/8)
The air twists around and strikes the gargoyle!!
The gargoyle is almost destroyed.
Something hits you!!
You die...

♣.............#≈≈......#
.........#########...∩.#
♣..♣.♣.))....).........#
..♣....................#
.........#########..9∩.#
..........####)≈≈......#
.♣.....♣..+..#.≈≈..#..##
)♣..♣.♣...#..#.≈≈..####
..........#..#.≈@.##
.....♣....#..#.≈≈##
####..♣...#.)#{≈≈♣
#......#..#.≈≈♣
#..)...'.)')≈≈♣ #
#.....#####.≈≈♣ +
+.)####.....≈≈♣
#######......8.≈≈♣
#....8.........≈≈♣


You could see a gargoyle.

Vanquished Creatures
  A komodo dragon (D:8)
  A water moccasin (D:4)
  5 wights (D:8)
  5 wolf zombies (Bailey)
  7 vampire bats (Bailey)
  A hound (D:4)
  4 iguanas
  4 orc wizards (D:8)
  A gnoll (D:4)
  5 adders
  A worm (D:3)
  5 dart slugs
  12 orcs
  4 bats
  5 endoplasms
  5 giant cockroaches
  6 goblins
  4 hobgoblins
  5 jackals (D:4)
  5 quokkas
  9 ball pythons
  A frilled lizard (D:2)
  7 kobolds
  14 orc zombies (Bailey)
  4 rats
121 creatures vanquished.

Vanquished Creatures (others)
  3 plants (D:1)
3 creatures vanquished.

Grand Total: 124 creatures vanquished

Notes
Turn   | Place    | Note
-------+----------+-------------------------------------------
     0 | D:1      | ragingrage the Octopode Air Elementalist began the quest
                  | for the Orb.
     0 | D:1      | Reached XP level 1. HP: 11/11 MP: 3/3
   380 | D:1      | Reached XP level 2. HP: 16/17 MP: 5/5
  1411 | D:2      | Reached XP level 3. HP: 18/21 MP: 2/6
  1998 | D:3      | Reached skill level 4 in Air Magic
  1998 | D:3      | Reached XP level 4. HP: 27/27 MP: 3/7
  2237 | D:3      | Found Foazaiqi's Jewellery Emporium.
  2562 | D:3      | Found a hide-covered altar of Uskayaw.
  2613 | D:3      | Noticed a +0 hand axe
  2613 | D:3      | Noticed a +0 dagger
  2933 | D:4      | Learned a level 2 spell: Static Discharge
  2937 | D:4      | Learned a level 3 spell: Swiftness
  3009 | D:4      | Reached XP level 5. HP: 31/31 MP: 1/8
  3083 | D:4      | Found Saemn's Assorted Antiques.
  3090 | D:4      | Bought a gold wand for 132 gold pieces
  3147 | D:4      | Noticed a water moccasin
  3155 | D:4      | Killed a water moccasin
  3156 | D:4      | Reached skill level 5 in Air Magic
  3163 | D:4      | Reached XP level 6. HP: 33/36 MP: 1/9
  3870 | D:5      | Entered Level 5 of the Dungeon
  3872 | D:5      | You fall into a shaft and drop 3 floors!
  3872 | D:8      | Found Natyrghall's Changing Room.
  3891 | D:8      | Reached skill level 5 in Conjurations
  3891 | D:8      | Reached skill level 6 in Air Magic
  3891 | D:8      | Reached XP level 7. HP: 25/41 MP: 3/10
  4093 | D:8      | Noticed a komodo dragon
  4142 | D:8      | Found an ancient bone altar of Kikubaaqudgha.
  4158 | D:8      | Killed a komodo dragon
  4159 | D:8      | Reached skill level 7 in Air Magic
  4159 | D:8      | Reached XP level 8. HP: 16/46 MP: 3/11
  4220 | D:8      | Reached skill level 8 in Air Magic
  4266 | D:8      | Found a flagged portal.
  4278 | Bailey   | Entered a bailey
  4527 | Bailey   | Reached skill level 9 in Air Magic
  4881 | Bailey   | Learned a level 4 spell: Airstrike
  5275 | Bailey   | Noticed a gargoyle
  5367 | Bailey   | Noticed a vampire
  5418 | Bailey   | Slain by a vampire

Illustrated notes

Levels and vault maps discovered:
D:1:      reono_arrival_mine, layout_basic, serial_bayou_lake_a
D:2:      layout_basic
D:3:      layout_loops_ring, dancing_weapons_uskayaw, serial_shops,
          nicolae_shop_statue_plus, hex_large
D:4:      layout_rooms, serial_shops, nicolae_shop_waterfront,
          serial_park_tiny_pond, hangedman_minor_gate_pass
D:5:      layout_basic, nicolae_overflow_hallway_of_the_gods,
          minmay_temple_entry_proselytizer, uniq_crazy_yiuf_cottage,
          uniq_grinder
D:8:      layout_loops_ring, old_standard_altar, enter_bailey_3, special_room
          [special_room_kobold], nicolae_transmutations_shop
Bailey:   bailey_polearm_vampire_castle_hellmonk, bailey

Skill      XL: |  1  2  3  4  5  6  7  8 |
---------------+-------------------------+-----
Conjurations   | 2 3 4 5 |  5.0
Air Magic      | 4 5 6 7 9 |  9.9
Dodging        | |  2.0
Stealth        | |  2.6
Spellcasting   | |  2.0

Action                   |  1- 3 |  4- 6 |  7- 9 || total
-------------------------+-------+-------+-------++-------
Melee: Unarmed           |    10 |     2 |       ||    12
       Constrict         |     2 |    16 |     3 ||    21
       Tentacles         |     1 |    13 |       ||    14
       Short sword       |       |    49 |       ||    49
       Punch             |       |     1 |       ||     1
       Great sword       |       |       |    11 ||    11
 Fire: Sling             |     5 |     6 |       ||    11
 Cast: Shock             |    48 |    88 |   106 ||   242
       Airstrike         |       |       |     4 ||     4
Evoke: Wand              |       |       |     1 ||     1
  Use: Scroll            |       |     3 |       ||     3
       Potion            |       |       |     2 ||     2
 Stab: Sleeping          |       |     1 |       ||     1
Armor: Skin              |     1 |     8 |     6 ||    15
Dodge: Dodged            |    16 |    53 |    36 ||   105

Table legend: (Time is in decaauts)
 A = Elapsed time spent in this place.
 B = Non-inter-level travel time spent in this place.
 C = Inter-level travel time spent in this place.
 D = Time resting spent in this place.
 E = Time spent auto-exploring this place.
 F = Levels seen in this place.
 G = Mean time per level.
                   A        B        C        D        E       F      G
               +--------+--------+--------+--------+--------+-----+--------+
         Total |   5425 |   5326 |     99 |    848 |   3392 |   7 |  775.0 |
       Dungeon |   4281 |   4182 |     99 |    473 |   2915 |   6 |  713.5 |
        Bailey |   1144 |   1144 |      0 |    375 |    477 |   1 | 1144.0 |
               +--------+--------+--------+--------+--------+-----+--------+

Top non-repeatable levels by time:
  Bailey: 1144 daAuts
     D:3: 1009 daAuts
     D:2: 991 daAuts
     D:4: 955 daAuts
     D:1: 915 daAuts
     D:8: 408 daAuts
     D:5: 1 daAuts
